 Dungeon Crawl Stone Soup version 0.26-a0-572-g753d7e3450 (webtiles) character file.

Game seed: 10845980235924800264

(classic levelgen) 31428 EnegeticOcto the Jinx (level 13, -6/117 HPs)
             Began as a Deep Elf Arcane Marksman on Aug 21, 2020.
             Was a High Priest of Makhleb.
             Killed from afar by Snorg (27 damage)
             ... with an exploding inner flame
             ... hexed by the player character
             ... on level 4 of the Lair of Beasts.
             The game lasted 00:48:32 (20235 turns).

EnegeticOcto the Jinx (Deep Elf Arcane Marksman)   Turns: 20235, Time: 00:48:33

Health: -6/117     AC: 15    Str: 11    XL:     13   Next: 25%
Magic:  19/33      EV: 17    Int: 20    God:    Makhleb [*****.]
Gold:   878        SH:  0    Dex: 15    Spells: 12/24 levels left

rFire    . . .     SeeInvis +   b - +7 flail (drain)
rCold    . . .     Faith    .   (no shield)
rNeg     . . .     Spirit   .   F - +0 troll leather armour
rPois    .         Reflect  .   H - +2 hat {MR+}
rElec    .         Harm     .   k - +2 cloak
rCorr    .                      w - +1 pair of gloves {archery}
MR       ++...                  z - +2 pair of boots
Stlth    ..........             D - amulet of the acrobat
HPRegen  0.69/turn              n - ring of see invisible
MPRegen  0.23/turn              u - ring of magical power

@: berserking, very quick
A: no striking features
a: Minor Destruction, Lesser Servant of Makhleb, Major Destruction, Greater
Servant of Makhleb, Renounce Religion


You were on level 4 of the Lair of Beasts.
You worshipped Makhleb.
Makhleb was extremely pleased with you.
You visited 2 branches of the dungeon, and saw 14 of its levels.

You collected 878 gold pieces.

Inventory:

Hand Weapons
 a - a +0 shortbow
 b - a +7 flail of draining (weapon)
Missiles
 d - 179 arrows
 j - 29 poisoned darts (quivered)
Armour
 k - a +2 cloak (worn)
 q - a +2 chain mail of fire resistance
 w - a +1 pair of gloves of archery (worn)
 z - a +2 pair of boots (worn)
 F - a +0 troll leather armour (worn)
 H - a +2 hat of magic resistance (worn)
Jewellery
 n - a ring of see invisible (left hand)
 u - a ring of magical power (right hand)
 D - an amulet of the acrobat (around neck)
Wands
 h - a wand of digging (7) {@v3}
 C - a wand of enslavement (4)
 G - a wand of polymorph (1)
Scrolls
 f - 2 scrolls of teleportation {@r3 !r}
 g - 2 scrolls of immolation
 i - a scroll of fog {!r}
 l - a scroll of identify {@r1}
 p - 4 scrolls of amnesia
 r - 2 scrolls of blinking {@r4}
 x - 4 scrolls of magic mapping {@r5 !r}
 y - 2 scrolls of fear {!r}
 A - 4 scrolls of enchant weapon
 J - a scroll of silence
Potions
 c - 4 potions of mutation
 m - a potion of flight {unknown}
 o - 5 potions of stabbing {@q5 !q}
 s - 6 potions of might {@q3 !q}
 t - 2 potions of lignification {@q6}
 v - 6 potions of curing {@q1 !q}
 E - 2 potions of berserk rage
Miscellaneous
 e - a phial of floods (inert)


   Skills:
 + Level 7.9 Fighting
 - Level 14.0 Bows
 + Level 5.6 Armour
 - Level 8.0 Dodging
 - Level 3.0 Stealth
 - Level 6.0 Spellcasting
 + Level 14.4 Hexes
 - Level 5.0 Fire Magic
 - Level 4.0 Air Magic
 - Level 6.0 Invocations
 - Level 4.0 Evocations


You had 12 spell levels left.
You knew the following spells:

 Your Spells              Type           Power        Failure   Level
a - Corona                Hex            ######.      1%          1
b - Slow                  Hex            ######..     1%          2
c - Inner Flame           Hex/Fire       #####...     1%          3
d - Cause Fear            Hex            ######....   1%          4
V - Swiftness             Air            ###.....     3%          2

Your spell library contained the following spells:

 Spells                   Type           Power        Failure   Level
 Portal Projectile        Hex/Tloc       ####..       1%          3
 Shock                    Conj/Air       ##..         6%          1
 Leda's Liquefaction      Hex/Erth       ####......   7%          4
 Poisonous Vapours        Pois/Air       ##....       9%          2
 Beastly Appendage        Tmut           #.....       13%         1
 Conjure Flame            Conj/Fire      ###.....     14%         3
 Static Discharge         Conj/Air       ##......     17%         3
 Wereblood                Tmut           #.......     21%         2
 Mephitic Cloud           Conj/Pois/Air  ##......     24%         3
 Airstrike                Air            ###.......   26%         4
 Spider Form              Tmut/Pois      #.........   36%         3
 Ice Form                 Ice/Tmut       #.......     78%         4
 Lightning Bolt           Conj/Air       ##........   85%         5
 Blade Hands              Tmut           #.........   98%         5
 Freezing Cloud           Conj/Ice/Air   ##........   100%        6


Dungeon Overview and Level Annotations

Branches:
Dungeon (10/15)            Temple (0/1) D:6            Lair (4/6) D:9
  Swamp (0/4) Lair:3
  Snake: Lair:2-4    Spider: Lair:2-4       Orc: D:9-12

Altars:
Dithmenos
Elyvilon
Fedhas
Hepliaklqana
Makhleb
Nemelex Xobeh
Okawaru
Qazlal
Sif Muna
Trog
Vehumet
Wu Jian
Xom
The Shining One

Annotations:
D:7 1 runed translucent door, Askman's ghost, novice DsWn
D:8 exclusions: cyclops and shadow imp, Erica
D:10 Erolcha


Message History

Snorg shouts!
Snorg seems to slow down.
Casting: Slow (safe; 1% risk of failure)
Confirm with . or Enter, or press ? or * to list all spells.
Aiming: Inner Flame (safe; 1% risk of failure)
Press: ? - help, Shift-Dir - straight line, f/p - Snorg
Aim: Snorg (slow, chance to defeat MR: 67%) Snorg is filled with an inner flame.
Casting: Inner Flame (safe; 1% risk of failure)
Confirm with . or Enter, or press ? or * to list all spells.
The butterfly looks frightened!
Snorg looks frightened!
Throwing (i - inventory)
j - 35 poisoned darts (quivered)
Press: ? - help, Shift-Dir - straight line, f/p - Snorg
Aim: Snorg (inner flame, fleeing, slow)
You throw a poisoned dart. The poisoned dart hits Snorg.
Snorg is poisoned.
Your attack snaps Snorg out of her fear.
Throwing (i - inventory)
j - 34 poisoned darts (quivered)
Press: ? - help, Shift-Dir - straight line, f/p - Snorg
Aim: Snorg (inner flame, poisoned, slow)
You throw a poisoned dart. The poisoned dart hits Snorg.
Flame seeps out of Snorg.
Snorg is engulfed in blazing flames.
Flame seeps out of Snorg.
Casting: Cause Fear (safe; 1% risk of failure)
Confirm with . or Enter, or press ? or * to list all spells.
Snorg easily resists.
Snorg shakes off her lethargy.
Snorg goes berserk!
Casting: Cause Fear (safe; 1% risk of failure)
Confirm with . or Enter, or press ? or * to list all spells.
Snorg easily resists.
Flame seeps out of Snorg.
Snorg is engulfed in blazing flames.
Flame seeps out of Snorg.
Snorg rages.
You hear a bellow!
Evoke which item? (* to show all) (? for menu, Esc to quit)
Aim the phial where?
Press: ? - help, Shift-Dir - straight line, f/p - Snorg
Aim: Snorg (moderately wounded, berserk, inner flame, poisoned)
The torrent of water hits Snorg!
Flame seeps out of Snorg.
Snorg is heavily wounded.
The wave splashes down.
Snorg is engulfed in water.
You hear a screech!
You hear a croak.
You hear a shout!
You hear a howl!
You hear a shout!
Snorg looks more healthy.
Snorg is engulfed in blazing flames.
Flame seeps out of Snorg.
Snorg barely misses you. Snorg claws you but does no damage.
Snorg completely misses you.
Snorg is engulfed in blazing flames.
Flame seeps out of Snorg.
Snorg bites you but does no damage. Snorg claws you but does no damage. x2
Throwing (i - inventory)
j - 33 poisoned darts (quivered)
Press: ? - help, Shift-Dir - straight line, f/p - Snorg
Aim: Snorg (flame, heavily wounded, berserk, inner flame, waterlogged)
You throw a poisoned dart. The poisoned dart hits Snorg.
Snorg is poisoned.
Snorg is heavily wounded.
You hear a splash.
Flame seeps out of Snorg.
Snorg is engulfed in blazing flames.
Flame seeps out of Snorg.
Snorg barely misses you. Snorg misses you. Snorg claws you but does no damage.
Throwing (i - inventory)
j - 32 poisoned darts (quivered)
Press: ? - help, Shift-Dir - straight line, f/p - Snorg
Aim: Snorg (flame, heavily wounded, berserk, inner flame, poisoned, waterlogged)
You throw a poisoned dart. The poisoned dart hits Snorg.
Snorg looks even sicker.
Snorg is heavily wounded.
You hear a splash.
Flame seeps out of Snorg.
Snorg is engulfed in blazing flames.
Flame seeps out of Snorg.
Snorg bites you!! Snorg claws you but does no damage. Snorg barely misses you.
Snorg is engulfed in blazing flames.
Flame seeps out of Snorg.
Snorg barely misses you. x3
Throwing (i - inventory)
j - 31 poisoned darts (quivered)
Press: ? - help, Shift-Dir - straight line, f/p - Snorg
Aim: Snorg (severely wounded, berserk, inner flame, very poisoned, waterlogged)
You throw a poisoned dart. The poisoned dart hits Snorg.
Snorg is severely wounded.
You hear a splash.
Flame seeps out of Snorg.
Snorg is engulfed in blazing flames.
Flame seeps out of Snorg.
Snorg bites you!! Snorg closely misses you. Snorg completely misses you.
Snorg is engulfed in blazing flames.
Flame seeps out of Snorg.
Snorg closely misses you. Snorg completely misses you. x2
Throwing (i - inventory)
j - 30 poisoned darts (quivered)
Press: ? - help, Shift-Dir - straight line, f/p - Snorg
Aim: Snorg (severely wounded, berserk, inner flame, very poisoned, waterlogged)
You throw a poisoned dart. The poisoned dart barely misses Snorg.
You hear a splash.
Snorg barely misses you. x2; Snorg claws you!
Okay, then.
A red film seems to cover your vision as you go berserk!
You feel yourself moving faster!
You feel mighty!
Flame seeps out of Snorg.
Snorg is engulfed in blazing flames.
Flame seeps out of Snorg.
Snorg completely misses you. Snorg claws you but does no damage.
Snorg claws you.
Snorg is engulfed in blazing flames.
Flame seeps out of Snorg.
Snorg bites you!
* * * LOW HITPOINT WARNING * * *
Snorg claws you but does no damage. Snorg claws you.
* * * LOW HITPOINT WARNING * * *
You hit Snorg.
Flame seeps out of Snorg.
Snorg is almost dead.
Snorg is engulfed in blazing flames.
Flame seeps out of Snorg.
Snorg misses you. Snorg closely misses you. Snorg barely misses you.
You sock Snorg!
Snorg explodes!
The fiery explosion engulfs you!!
You die...

#..............#=.....
..............PP.......
#..................#...
#..........#(#.....P...
...........#(.........#
......≈≈≈≈..P...
......§§§.[.....
......§°<≈......
.$...$§@§.......
................
!......!........
...........$##.#
####.####...# # #.
....# . ....# .. ...#.


There were no monsters in sight!

Vanquished Creatures
  Gastronok (Lair:2)
  A dire elephant (Lair:3)
  Josephine (D:10)
  2 hydras
  2 two-headed ogres
  Urug (Lair:1)
  Nergalle (Lair:1)
  An orc knight (D:10)
  19 elephants
  A black mamba (Lair:3)
  Joseph (D:8)
  A gargoyle (D:10)
  A cane toad (Lair:1)
  4 komodo dragons
  3 trolls
  A bog body (Lair:3)
  4 blink frogs (Lair:1)
  4 wargs
  5 hippogriffs
  Sigmund (D:6)
  15 yaks
  5 wraiths (D:10)
  A spriggan (Lair:3)
  A wyvern (D:9)
  2 basilisks
  Menkaure (D:6)
  19 water moccasins
  4 porcupines
  2 ice beasts (D:5)
  3 orc warriors
  3 sky beasts
  A black bear (D:8)
  An eye of draining (D:8)
  2 necrophages (D:8)
  3 ogres
  14 wolves
  3 centaurs
  4 crocodiles
  A big kobold (D:8)
  8 bullfrogs
  A water moccasin zombie (D:9)
  4 scorpions
  12 killer bees
  3 wights (D:9)
  A centaur zombie (D:7)
  9 hounds
  A centaur skeleton (D:5)
  3 jellies
  A bullfrog skeleton (D:5)
  8 orc priests
  A quasit (D:6)
  10 orc wizards
  Terence (D:2)
  An iguana (D:10)
  5 worker ants
  A killer bee zombie (D:9)
  A hound zombie (D:8)
  A hound skeleton (D:4)
  A worker ant zombie (D:6)
  2 howler monkey zombies
  28 adders
  A shadow imp (D:10)
  4 white imps
  An ufetubus (D:9)
  4 adder skeletons
  A worm (D:2)
  2 dart slugs
  5 leopard geckos
  26 orcs
  5 giant cockroaches
  9 goblins
  7 hobgoblins
  16 jackals
  4 quokkas
  A ball python (D:2)
  9 bats
  3 frilled lizards
  A jackal skeleton (D:4)
  A jackal zombie (D:9)
  13 kobolds
  2 quokka skeletons
  6 rats
  A bush (Lair:2)
  2 plants
367 creatures vanquished.

Vanquished Creatures (collateral kills)
  A troll (D:9)
  A warg (D:9)
  An orc priest (D:9)
3 creatures vanquished.

Vanquished Creatures (others)
  98 fungi
  63 plants
161 creatures vanquished.

Grand Total: 531 creatures vanquished

Notes
Turn   | Place    | Note
-------+----------+-------------------------------------------
     0 | D:1      | EnegeticOcto the Deep Elf Arcane Marksman began the quest
                  | for the Orb.
     0 | D:1      | Reached XP level 1. HP: 11/11 MP: 5/5
   162 | D:1      | Reached skill level 3 in Bows
   162 | D:1      | Reached skill level 1 in Stealth
   487 | D:1      | Reached XP level 2. HP: 11/16 MP: 6/6
   495 | D:1      | Learned a level 2 spell: Slow
   852 | D:1      | Reached skill level 2 in Stealth
  1350 | D:1      | Reached XP level 3. HP: 20/20 MP: 7/7
  1740 | D:2      | Reached skill level 4 in Bows
  2179 | D:2      | Found a shimmering blue altar of Sif Muna.
  2179 | D:2      | Found a blossoming altar of Fedhas.
  2184 | D:2      | Reached skill level 3 in Stealth
  2186 | D:2      | Found a sparkling altar of Nemelex Xobeh.
  2191 | D:2      | Noticed Terence
  2206 | D:2      | Killed Terence
  2206 | D:2      | Reached XP level 4. HP: 24/24 MP: 0/8
  2304 | D:2      | You fall into a shaft and drop 1 floor!
  2334 | D:3      | Learned a level 3 spell: Inner Flame
  2556 | D:2      | Reached skill level 5 in Bows
  2897 | D:4      | Reached skill level 1 in Fighting
  3023 | D:4      | Reached XP level 5. HP: 29/29 MP: 3/9
  3144 | D:4      | Found a bloodstained altar of Trog.
  3429 | D:4      | Found an ornate altar of the Wu Jian Council.
  3455 | D:4      | Reached skill level 5 in Hexes
  3507 | D:4      | Reached skill level 2 in Fighting
  3508 | D:4      | Reached skill level 6 in Bows
  3623 | D:4      | Reached XP level 6. HP: 35/35 MP: 10/10
  3798 | D:4      | Found a burning altar of Makhleb.
  3798 | D:4      | Noticed an Executioner
  3801 | D:4      | Noticed a smoke demon
  3801 | D:4      | Noticed a hellwing
  3803 | D:4      | Became a worshipper of Makhleb the Destroyer
  4066 | D:4      | Found a radiant altar of Vehumet.
  4106 | D:5      | Entered Level 5 of the Dungeon
  4341 | D:5      | Noticed an ice beast
  4373 | D:5      | Killed an ice beast
  4512 | D:5      | Reached skill level 6 in Hexes
  4928 | D:5      | Reached XP level 7. HP: 37/40 MP: 7/11
  4984 | D:5      | Found an iron altar of Okawaru.
  4993 | D:5      | Reached skill level 3 in Fighting
  4993 | D:5      | Reached skill level 7 in Bows
  5233 | D:5      | Reached skill level 7 in Hexes
  5527 | D:5      | Reached skill level 8 in Bows
  5720 | D:5      | Found a sparkling altar of Nemelex Xobeh.
  6744 | D:3      | Reached skill level 8 in Hexes
  6744 | D:3      | Reached XP level 8. HP: 46/46 MP: 7/12
  6747 | D:3      | Reached skill level 9 in Bows
  7088 | D:6      | Noticed Menkaure
  7099 | D:6      | Killed Menkaure
  7146 | D:6      | Found a staircase to the Ecumenical Temple.
  7210 | D:6      | Noticed Sigmund
  7345 | D:5      | Reached * piety under Makhleb
  7720 | D:6      | Reached skill level 10 in Bows
  7736 | D:6      | Killed Sigmund
  7736 | D:6      | Reached skill level 4 in Fighting
  7736 | D:6      | Reached skill level 9 in Hexes
  8252 | D:7      | Reached XP level 9. HP: 49/52 MP: 7/13
  9150 | D:7      | Reached skill level 5 in Fighting
  9150 | D:7      | Reached skill level 11 in Bows
  9150 | D:7      | Reached skill level 10 in Hexes
 10082 | D:7      | Found a runed translucent door.
 10097 | D:7      | Found a shimmering altar of Xom.
 10097 | D:7      | Noticed Askman's ghost (novice DsWn)
 10098 | D:7      | Noticed a +1 dagger of chaos
 10154 | D:6      | Reached skill level 11 in Hexes
 10159 | D:6      | Reached ** piety under Makhleb
 10159 | D:6      | Reached skill level 12 in Bows
 10476 | D:8      | Found a glowing golden altar of the Shining One.
 10519 | D:8      | Noticed a cyclops
 10573 | D:8      | Noticed Erica
 10793 | D:9      | Reached XP level 10. HP: 52/59 MP: 11/14
 10886 | D:9      | Reached skill level 1 in Invocations
 10886 | D:9      | Reached skill level 1 in Evocations
 11144 | D:9      | Noticed a two-headed ogre
 11220 | D:9      | Killed a two-headed ogre
 11220 | D:9      | Reached skill level 2 in Invocations
 11220 | D:9      | Reached skill level 2 in Evocations
 11684 | D:9      | Reached skill level 12 in Hexes
 11684 | D:9      | Reached skill level 3 in Invocations
 11805 | D:9      | Reached skill level 3 in Evocations
 11807 | D:9      | Found a staircase to the Lair.
 12044 | D:9      | Reached skill level 13 in Bows
 12191 | D:9      | Reached skill level 4 in Invocations
 12407 | D:9      | Reached skill level 4 in Evocations
 12623 | D:8      | Found a white marble altar of Elyvilon.
 12851 | D:8      | Reached *** piety under Makhleb
 12863 | D:8      | Noticed Joseph
 12891 | D:7      | Reached skill level 5 in Invocations
 12976 | D:8      | Found a stormy altar of Qazlal.
 13037 | D:8      | Found a shadowy altar of Dithmenos.
 13043 | D:8      | Noticed a two-headed ogre
 13117 | D:8      | Killed a two-headed ogre
 13283 | D:8      | Found a hazy altar of Hepliaklqana.
 13284 | D:8      | Identified a scroll of acquirement
 13285 | D:8      | Acquired a +1 pair of gloves of archery
 13312 | D:8      | Reached skill level 6 in Invocations
 13355 | D:8      | Killed Joseph
 13355 | D:8      | Reached skill level 14 in Bows
 13355 | D:8      | Reached XP level 11. HP: 36/63 MP: 17/17
 13830 | D:10     | Entered Level 10 of the Dungeon
 14010 | D:10     | Reached skill level 3 in Dodging
 14010 | D:10     | Reached skill level 1 in Fire Magic
 14015 | D:10     | Reached skill level 1 in Armour
 14490 | D:10     | Reached skill level 2 in Fire Magic
 14599 | D:10     | Noticed Josephine
 14622 | D:10     | Killed Josephine
 14622 | D:10     | Reached skill level 4 in Dodging
 14622 | D:10     | Reached skill level 2 in Armour
 14730 | D:10     | Noticed Erolcha
 14820 | D:10     | Learned a level 2 spell: Swiftness
 14825 | D:10     | Learned a level 4 spell: Cause Fear
 15083 | D:10     | Noticed an orc knight
 15126 | D:10     | Reached skill level 3 in Fire Magic
 15126 | D:10     | Killed an orc knight
 15126 | D:10     | Reached skill level 2 in Spellcasting
 15143 | D:10     | Reached skill level 1 in Air Magic
 15418 | Lair:1   | Entered Level 1 of the Lair of Beasts
 15445 | D:9      | Reached **** piety under Makhleb
 15658 | Lair:1   | Reached skill level 5 in Dodging
 15685 | Lair:1   | Reached skill level 3 in Spellcasting
 15770 | Lair:1   | Noticed Urug
 15784 | Lair:1   | Killed Urug
 15784 | Lair:1   | Reached skill level 6 in Fighting
 15784 | Lair:1   | Reached skill level 2 in Air Magic
 15931 | Lair:1   | Reached skill level 3 in Armour
 15966 | Lair:1   | Noticed a four-headed hydra
 15978 | Lair:1   | Killed a four-headed hydra
 15978 | Lair:1   | Reached skill level 4 in Fire Magic
 16005 | Lair:1   | Noticed Nergalle
 16104 | Lair:1   | Killed Nergalle
 16104 | Lair:1   | Reached XP level 12. HP: 68/70 MP: 19/19
 16221 | Lair:1   | Reached skill level 4 in Spellcasting
 16543 | Lair:1   | Reached skill level 13 in Hexes
 16761 | Lair:1   | Reached skill level 3 in Air Magic
 16820 | Lair:1   | Reached skill level 6 in Dodging
 17223 | Lair:2   | Reached skill level 5 in Spellcasting
 17243 | Lair:2   | Reached ***** piety under Makhleb
 17476 | Lair:2   | Noticed Gastronok
 17498 | Lair:2   | Killed Gastronok
 17498 | Lair:2   | Reached skill level 4 in Armour
 17498 | Lair:2   | Reached skill level 5 in Fire Magic
 18149 | Lair:3   | Reached skill level 4 in Air Magic
 18237 | Lair:3   | Reached skill level 6 in Spellcasting
 18411 | Lair:3   | Noticed an eight-headed hydra
 18440 | Lair:3   | Killed an eight-headed hydra
 18440 | Lair:3   | Reached skill level 7 in Fighting
 18440 | Lair:3   | Reached skill level 7 in Dodging
 18930 | Lair:3   | Reached XP level 13. HP: 76/76 MP: 23/24
 18930 | Lair:3   | Reached skill level 5 in Armour
 18961 | Lair:3   | Reached skill level 14 in Hexes
 18961 | Lair:3   | Reached skill level 8 in Dodging
 19202 | Lair:3   | Noticed a dire elephant
 19227 | Lair:3   | Killed a dire elephant
 19596 | Lair:3   | Found a staircase to the Swamp.
 20115 | Lair:4   | Noticed Snorg
 20235 | Lair:4   | Killed Snorg
 20235 | Lair:4   | Killed from afar by Snorg

Illustrated notes

Levels and vault maps discovered:
D:1:      dpeg_arrival_snail, layout_basic
D:2:      layout_basic, overflow_temple_1_default,
          chequers_temple_overflow_statue_of_worship, uniq_terence
D:3:      layout_basic
D:4:      layout_loops_ring, old_standard_altar, nicolae_overflow_hidden_temple,
          kennysheep_mini_moat, makhleb_altar_promises_db
D:5:      layout_basic, old_standard_altar, nemelex_xobeh_ov_fountains_minmay
D:6:      layout_rooms, minmay_temple_entry_antechambers, uniq_menkaure,
          uniq_sigmund
D:7:      layout_rooms, ebering_ghost_xom
D:8:      layout_basic, nicolae_overflow_crystal_walls, lemuel_crystal_altar,
          overflow_temple_1_default, elyvilon_altar_3,
          nicolae_dithmenos_the_darkroom, hangedman_decor_growths,
          minmay_sticks_and_stones, uniq_joseph, uniq_erica
D:9:      layout_stronghold, erik_lair_orcish_takeover
D:10:     layout_basic, uniq_josephine, uniq_erolcha
Lair:1:   lemuel_reptile_caves, layout_cellular_growth,
          grunt_forest_small_clearing_treed, uniq_nergalle, uniq_urug
Lair:2:   layout_gridlike, small_statue_intersection, minivault_23,
          uniq_gastronok
Lair:3:   mu_elephants_graveyard, layout_layer_cave, skrybe_swamp_entry_bodies,
          st_stairs_4
Lair:4:   layout_regular_city, minmay_snake_entry_guardpost_small,
          maelrawn_ghost_gauntlet_escape, lemuel_fruit_fields,
          grunt_megastairs_4, uniq_snorg

Skill      XL: |  1  2  3  4  5  6  7  8  9 10 11 12 13 |
---------------+----------------------------------------+-----
Bows           | 3 4 5 6 8 10 12 14 | 14.0
Stealth        | 1 2 3 |  3.0
Fighting       | 1 2 3 4 5 6 7 |  7.9
Hexes          | 5 6 8 9 11 12 13 14 | 14.4
Invocations    | 6 |  6.0
Evocations     | 4 |  4.0
Dodging        | 5 7 8 |  8.0
Fire Magic     | 4 5 |  5.0
Armour         | 3 4 5 |  5.6
Spellcasting   | 3 6 |  6.0
Air Magic      | 2 4 |  4.0

Action                   |  1- 3 |  4- 6 |  7- 9 | 10-12 | 13-15 || total
-------------------------+-------+-------+-------+-------+-------++-------
Melee: Flail             |       |    88 |   261 |   409 |    12 ||   770
 Fire: Shortbow          |    88 |    32 |   126 |   393 |     6 ||   645
Throw: Dart              |     5 |    15 |    24 |    66 |    43 ||   153
 Cast: Corona            |     7 |    25 |    43 |    10 |       ||    85
       Slow              |    11 |    23 |    65 |   122 |    13 ||   234
       Inner Flame       |       |       |       |    54 |    19 ||    73
       Cause Fear        |       |       |       |     4 |    11 ||    15
Evoke: Wand              |       |       |       |     4 |       ||     4
       Phial of floods   |       |       |       |       |     1 ||     1
  Use: Scroll            |       |     4 |    10 |    11 |     4 ||    29
       Potion            |       |     1 |     4 |       |     1 ||     6
 Stab: Sleeping          |       |     1 |     1 |     4 |       ||     6
Armor: Robe              |     8 |       |       |       |       ||     8
       Ring mail         |       |    35 |   107 |     6 |       ||   148
       Skin              |       |       |    61 |       |       ||    61
       Troll leather arm |       |       |       |   251 |    20 ||   271
Dodge: Dodged            |    28 |    43 |   158 |   548 |    40 ||   817

Table legend: (Time is in decaauts)
 A = Elapsed time spent in this place.
 B = Non-inter-level travel time spent in this place.
 C = Inter-level travel time spent in this place.
 D = Time resting spent in this place.
 E = Time spent auto-exploring this place.
 F = Levels seen in this place.
 G = Mean time per level.
                   A        B        C        D        E       F      G
               +--------+--------+--------+--------+--------+-----+--------+
         Total |  20421 |  19517 |    904 |   2815 |  11713 |  14 | 1458.6 |
       Dungeon |  15704 |  14914 |    790 |   2352 |   9047 |  10 | 1570.4 |
          Lair |   4717 |   4603 |    114 |    463 |   2666 |   4 | 1179.2 |
               +--------+--------+--------+--------+--------+-----+--------+

Top non-repeatable levels by time:
     D:5: 2416 daAuts
  Lair:3: 2210 daAuts
     D:9: 2139 daAuts
     D:7: 1976 daAuts
     D:1: 1704 daAuts
  Lair:1: 1609 daAuts
    D:10: 1531 daAuts
     D:6: 1513 daAuts
     D:4: 1381 daAuts
     D:8: 1273 daAuts
     D:3: 905 daAuts
     D:2: 861 daAuts
  Lair:2: 833 daAuts
  Lair:4: 63 daAuts
